 Dungeon Crawl Stone Soup version 0.19.5 (webtiles) character file.

151 Megalobster the Skirmisher (level 5, 0/72 HPs)
             Began as a Minotaur Berserker on Apr 15, 2017.
             Was a Believer of Trog.
             Killed from afar by pib's ghost (5 damage)
             ... with a magic dart
             ... on level 3 of the Dungeon.
             The game lasted 00:07:25 (2290 turns).

Megalobster the Skirmisher (Minotaur Berserker)     Turns: 2290, Time: 00:07:26

Health: 0/72       AC:  2    Str: 27    XL:     5   Next: 11%
Magic:  4/4        EV: 12    Int:  4    God:    Trog [**....]
Gold:   106        SH:  0    Dex: 10    Spells: 0 memorised, 4 levels left

rFire  . . .     SeeInvis .     a - +0 hand axe
rCold  . . .     Gourm    .     b - +0 animal skin
rNeg   . . .     Faith    .     (no shield)
rPois  .         Spirit   .     (helmet restricted)
rElec  .         Reflect  .     (no cloak)
rCorr  .         Harm     .     (no gloves)
MR     ++...                    (no boots)
Stlth  ..........               (no amulet)
                                (no ring)
                                (no ring)

@: berserking (expiring), regenerating, very quick
A: retaliatory headbutt, horns 2
a: Berserk, Trog's Hand, Burn Spellbooks, Renounce Religion


You were on level 3 of the Dungeon.
You worshipped Trog.
Trog was pleased with you.
You were not hungry.

You visited 1 branch of the dungeon, and saw 3 of its levels.

You collected 106 gold pieces.

Inventory:

Hand Weapons
 a - a +0 hand axe (weapon)
 q - a +0 spear of venom
Armour
 b - a +0 animal skin (worn)
Scrolls
 h - 2 scrolls of teleportation {unknown}
 j - 5 scrolls of remove curse {unknown}
 k - a scroll of identify {unknown}
 l - a scroll of recharging {unknown}
 n - a scroll of fear {unknown}
 o - a scroll of enchant weapon {unknown}
 s - a scroll of noise {unknown}
Potions
 d - a potion of haste {unknown}
 e - 2 potions of brilliance {unknown}
 i - a potion of degeneration {unknown}
 m - a potion of might {unknown}
 p - a potion of flight {unknown}
 r - a potion of curing {unknown}
 t - a potion of mutation {unknown}
 u - a potion of cancellation {unknown}
Comestibles
 c - 2 bread rations
 f - 3 chunks of flesh
 g - a meat ration


   Skills:
 + Level 5.1 Fighting
 + Level 5.0 Axes
 + Level 3.0 Armour
 + Level 2.9 Dodging
 + Level 0.6 Stealth


You had 4 spell levels left.
You didn't know any spells.

Dungeon Overview and Level Annotations

Branches:
Dungeon (3/15)

Altars:
Ashenzari
Cheibriados
Qazlal
Vehumet
Zin

Annotations:
D:3 pib's ghost, amateur DECj


Innate Abilities, Weirdness & Mutations

You reflexively headbutt those who attack you in melee.
You have a pair of horns on your head.


Message History

You kill the gnoll!
Trog accepts your kill.
You have reached level 5!
The gnoll completely misses you.
You feel the effects of Trog's Hand fading.
Things that are here:
a whip; a gnoll corpse You slash the gnoll!
You headbutt the gnoll.
You kill the gnoll!
Trog accepts your kill.
Your Axes skill increases to level 5!
Pib's ghost gestures at you while chanting.
The magic dart hits you!
* * * LOW HITPOINT WARNING * * *
Things that are here:
a spear; a gnoll corpse You miss pib's ghost.
Pib's ghost casts a spell at you. The magic dart hits you!
You die...

#E#...#E# ###...####
.........##
...._.....#
..........#
###...###.#
#E#...#E#.#
###...###.##########
##### #.%....)@W.#
#####)####.# #.# #
#.# #.# #.# ..# ###


You could see pib's ghost.

Vanquished Creatures
  5 adders (D:2)
  4 gnolls (D:3)
  5 dart slugs
  A leopard gecko (D:1)
  An orc (D:3)
  7 bats
  2 giant cockroaches
  7 goblins
  3 hobgoblins (D:1)
  5 jackals
  2 quokkas
  5 frilled lizards
  5 kobolds
  5 rats
57 creatures vanquished.

Notes
Turn   | Place    | Note
-------+----------+-------------------------------------------
     0 | D:1      | Megalobster the Minotaur Berserker began the quest for the Orb.
     0 | D:1      | Reached XP level 1. HP: 19/19 MP: 0/0
   185 | D:1      | Reached XP level 2. HP: 20/27 MP: 1/1
   709 | D:1      | Reached XP level 3. HP: 33/33 MP: 2/2
   951 | D:2      | Reached ** piety under Trog
  1022 | D:2      | Reached XP level 4. HP: 30/41 MP: 3/3
  1337 | D:2      | Found a shattered altar of Ashenzari.
  1581 | D:2      | Found a radiant altar of Vehumet.
  1692 | D:2      | Found a glowing silver altar of Zin.
  1894 | D:2      | Found a snail-covered altar of Cheibriados.
  2112 | D:3      | Reached skill level 5 in Fighting
  2254 | D:3      | Found a stormy altar of Qazlal.
  2256 | D:3      | Noticed a fire elemental
  2257 | D:3      | Noticed an earth elemental
  2257 | D:3      | Noticed a water elemental
  2257 | D:3      | Noticed an air elemental
  2277 | D:3      | Noticed pib's ghost (amateur DECj)
  2286 | D:3      | Reached XP level 5. HP: 8/48 MP: 4/4
  2288 | D:3      | Reached skill level 5 in Axes
  2288 | D:3      | HP: 3/72 [pib's ghost/magic dart (7)]
  2290 | D:3      | Killed from afar by pib's ghost

Skill      XL: |  1  2  3  4  5 |
---------------+----------------+-----
Axes           | 4 5 |  5.0
Fighting       | 4 5 |  5.1
Armour         | 3 |  3.0
Dodging        | |  2.9
Stealth        | |  0.6

Action                   |  1- 3 |  4- 6 || total
-------------------------+-------+-------++-------
Melee: Hand axe          |    61 |    43 ||   104
       Headbutt          |     7 |     7 ||    14
Invok: Berserk           |       |     1 ||     1
       Trog's Hand       |       |     1 ||     1
  Eat: Chunk             |       |     2 ||     2
       Bread ration      |       |     1 ||     1
Armor: Animal skin       |     9 |     5 ||    14
Dodge: Dodged            |    51 |    32 ||    83
